 Dungeon Crawl Stone Soup version 0.28-a0-1227-ga9037bb4c8 (webtiles) character file.

Game seed: 14179609239029205668

41 sanka the Gusty (level 3, -2/26 HPs)
             Began as a Demigod Air Elementalist on Dec 22, 2021.
             Succumbed to Sigmund's poison
             ... on level 2 of the Dungeon.
             The game lasted 00:02:39 (1665 turns).

sanka the Gusty (Demigod Air Elementalist)          Turns: 1665, Time: 00:02:40

Health: -2/26      AC:  2    Str:  9    XL:     3   Next: 16%
Magic:  4/8        EV: 12    Int: 21    God:
Gold:   68         SH:  0    Dex: 14    Spells: 3/6 levels left

rFire   . . .      SeeInvis .   c - +0 short sword
rCold   . . .      Faith    .   (no shield)
rNeg    . . .      Spirit   .   a - +0 robe
rPois   .          Reflect  .   (no helmet)
rElec   .          Harm     .   (no cloak)
rCorr   .          Rampage  .   (no gloves)
Will    .....                   (no boots)
Stlth   ++........              (no amulet)
HPRegen 0.08/turn               (no ring)
MPRegen 0.11/turn               (no ring)

@: lethally poisoned (-2 -> -18), hasted, very quick
A: high mp 1, forlorn, divine attributes
a: no special abilities


You were on level 2 of the Dungeon.
You visited 1 branch of the dungeon, and saw 2 of its levels.

You collected 68 gold pieces.


Innate Abilities, Weirdness & Mutations

You have an increased reservoir of magic. (+10% MP)
You shall have no god before yourself.
Your divine heritage dramatically boosts your attributes as you level up.


   Skills:
 - Level 1.7 Dodging
 - Level 1.7 Stealth
 - Level 2.0 Spellcasting
 + Level 2.5 Conjurations
 - Level 3.0 Air Magic


You had 3 spell levels left.
You knew the following spells:

 Your Spells              Type           Power      Damage    Failure   Level
z - Shock                 Conj/Air       52%        1d6       4%          1
Z - Static Discharge      Conj/Air       13%        N/A       7%          2

Your spell library contained the following spells:

 Spells                   Type           Power      Damage    Failure   Level
 Swiftness                Air            14%        N/A       13%         3
 Airstrike                Air            7%         N/A       38%         4

Inventory:

Hand Weapons
 c - a +0 short sword (weapon)
Armour
 a - a +0 robe (worn)
Scrolls
 b - a scroll of silence {unknown}
 d - a scroll of torment {unknown}

Dungeon Overview and Level Annotations

Branches:
Dungeon (2/15)

Annotations:
D:2 Sigmund

▒▒......▒)▒▒▒.▒
▒.▒...▒
▒......▒.▒▒ .▒
▒.▒..▒ +.....▒.▒▒
.▒ ▒.▒.
▒....▒.▒▒▒ .▒ ▒▒.
▒.......▒ ▒▒ .▒
▒▒.....▒▒ .▒
▒▒▒▒...▒▒ .▒
▒......▒ ▒▒▒▒@▒
▒.▒▒▒..▒ ▒.p..▒
▒.▒
▒..▒▒▒▒▒▒▒▒.▒▒▒▒
▒.▒▒▒...........▒
........▒▒▒▒▒▒..▒
▒.▒.....▒ ▒..▒
▒..>....▒▒▒▒ ▒..▒
▒▒▒▒.......▒▒▒..▒
▒▒▒▒.▒▒......▒
▒........▒▒


You could see Sigmund.


Message History

Sigmund is moderately wounded.
The zap hits Sigmund.
Sigmund is moderately wounded.
Sigmund closely misses you.
Aiming: Shock (safe; 4% risk of failure)
The zap misses Sigmund.
The zap hits Sigmund.
Sigmund is heavily wounded.
Sigmund says, "Don't worry, I'll kill you fast."
Sigmund casts a spell at you. The puff of flame hits you!
Aiming: Shock (safe; 4% risk of failure)
The zap hits Sigmund.
Sigmund is heavily wounded.
The zap hits Sigmund.
Sigmund is severely wounded.
Sigmund hits you from afar with a +2 scythe of venom!
* * * LOW HITPOINT WARNING * * *
You are lethally poisoned!
Aiming: Shock (safe; 4% risk of failure)
The zap hits Sigmund.
Sigmund is severely wounded.
The zap misses Sigmund.
* * * LOW HITPOINT WARNING * * *
You feel very sick.
Unknown command.
Unknown command.
It was a potion of haste.
You feel yourself speed up.
You die...

Action                   || total
-------------------------++-------
Melee: Short sword       ||    41
 Cast: Shock             ||    54
  Use: Potion            ||     1
 Stab: Sleeping          ||     1
Armor: Robe              ||     5
Dodge: Dodged            ||    34

Levels and vault maps discovered:
D:1:      dpeg_arrival_round_b, layout_basic, minmay_pentomino_z2
D:2:      wad_pebble_path, layout_loops_corners, basic_altar,
          shapermc_ecumenical_altar_starsandcircs, chequers_hall_statues_y,
          uniq_natasha, uniq_sigmund, uniq_terence

Notes
Turn   | Place    | Note
-------+----------+-------------------------------------------
     0 | D:1      | sanka the Demigod Air Elementalist began the quest for the
                  | Orb.
     0 | D:1      | Reached XP level 1. HP: 14/14 MP: 5/5
    78 | D:1      | Reached skill level 1 in Conjurations
   129 | D:1      | Reached skill level 2 in Spellcasting
   219 | D:1      | Reached XP level 2. HP: 20/20 MP: 4/7
   265 | D:1      | Reached skill level 3 in Air Magic
   633 | D:1      | Reached skill level 2 in Conjurations
   862 | D:1      | Learned a level 2 spell: Static Discharge
  1157 | D:2      | Reached XP level 3. HP: 18/26 MP: 4/8
  1659 | D:2      | Noticed Sigmund
  1664 | D:2      | HP: 1/26 [poisoned by Sigmund]
  1665 | D:2      | Succumbed to Sigmund's poison

Vanquished Creatures
  2 dart slugs
  3 bats
  3 endoplasms (D:1)
  A giant cockroach (D:1)
  3 goblins
  2 hobgoblins (D:2)
  5 kobolds (D:1)
  A quokka (D:1)
  8 ball pythons
  A frilled lizard (D:1)
  5 rats
34 creatures vanquished.
